AoeStats
← joeyvankoningsbruggen

Arabian Desert

510196474Analyzed
1v1 RM · 2d ago on Sep 29, 2026· 22m 21s· 2 players
Game mode
Random Map
Map size
Tiny (2 player)
Population
200
Speed
Normal
Resources
Standard
Victory
Conquest
Starting age
Dark Age
Ending age
Imperial Age
RankedLock teamsTeams togetherTeam positionsShared explorationLock speedFull tech treeHidden civsTurbo modeCheats
Victory
Defeat
🇲🇽 Hindustanis · Mexico
1181
+15
🇲🇹 Romans · Malta
1168
-15
joeyvankoningsbruggen
6:29 Loom
9:54 Feudal Age
10:30 Loom
10:34 Double-Bit Axe
14:50 Scale Mail Armor
14:21 Man-at-Arms
19:00 Wheelbarrow
18:11 Town Watch
18:07 Horse Collar
18:44 Gold Mining
Obsky
8:53 Feudal Age
7:57 Loom
9:28 Double-Bit Axe
20:09 Forging
20:24 Bloodlines
20:21 Scale Barding Armor
21:45 Wheelbarrow
Connection lost

Rejoining the realm…

Still unreachable

The connection could not be restored.

Session expired

The server has moved on; the page needs a fresh start.